Cogmind - Beta 11.1 @@@ ROGUE MODE // 2022.08.29 @ 15:01:30 Player: NoobOne Result: Destroyed by L-31 Rogue with Katana Performance ------------- Evolutions (2) 1000 Regions Visited (4) 800 Robots Destroyed (38) 190 Value Destroyed (909) 909 Prototype IDs (1) 20 Alien Tech Used (0) 0 Bonus (7) 7 TOTAL SCORE: 2926 Bonus ------- Follower Combat Kills 7 Cogmind --------- Core Integrity 0/550 Matter 300/300 Energy 324/325 System Corruption 0% Temperature Hot (284) Movement Hovering (180) Ox2 Location -8/Materials Parts ------- > --- POWER (2) -------- Improved Ion Engine Light Nuclear Core > --- PROPULSION (2) --- Improved Hover Unit > --- UTILITY (3) ------ Improved Heat Sink Signal Interpreter > --- WEAPON (4) ------- Particle Gun Particle Gun > --- INVENTORY (5) ---- Terrain Scanner Core Shielding Light Armor Plating Gauss Rifle Gauss Rifle Peak State ------------ > --- POWER ------------ Improved Ion Engine Light Nuclear Core > --- PROPULSION ------- Improved Hover Unit > --- UTILITY ---------- Improved Heat Sink Signal Interpreter Improved Terrain Scanner > --- WEAPON ----------- Shock Rifle Particle Gun Particle Gun Particle Gun > --- INVENTORY -------- Terrain Scanner Core Shielding Light Armor Plating Gauss Rifle Gauss Rifle [Rating: 24] Favorites ----------- Power Ion Engine Engine Ion Engine Power Core Light Nuclear Core Propulsion Light Treads Treads Light Treads Hover Unit Improved Hover Unit Utility Tractor Beam Device Tractor Beam Storage Large Storage Unit Processor Signal Interpreter Weapon Particle Gun Energy Gun Particle Gun Energy Cannon Advanced Beam Cannon Ballistic Cannon Improved Light Cannon Launcher Mini Grenade Launcher Build | -11 -10 -9 -9 -8 ------- Run | Scr Mat Mat Min Mat Slots Evolved 4 | . . 2 . 2 Power 1 | . . 1 . . Propulsion . | . . . . . Utility 1 | . . . . 1 Weapon 2 | . . 1 . 1 Parts Attached 31 | 6 1 5 . 19 Power 6 | 1 . 2 . 3 Engine 5 | 1 . 2 . 2 Core 1 | . . . . 1 Reactor . | . . . . . Propulsion 3 | 2 . . . 1 Treads 2 | 2 . . . . Leg . | . . . . . Wheel . | . . . . . Hover 1 | . . . . 1 Flight . | . . . . . Utility 7 | 1 1 1 . 4 Device 5 | 1 . 1 . 3 Storage 1 | . 1 . . . Processor 1 | . . . . 1 Hackware . | . . . . . Protection . | . . . . . Artifact . | . . . . . Weapon 15 | 2 . 2 . 11 Energy Gun 9 | 2 . . . 7 Energy Cannon 2 | . . 1 . 1 Ballistic Gun . | . . . . . Ballistic Cannon 3 | . . 1 . 2 Launcher 1 | . . . . 1 Special Weapon . | . . . . . Impact Weapon . | . . . . . Slashing Weapon . | . . . . . Piercing Weapon . | . . . . . Special Melee Weapon . | . . . . . Unidentified Prototypes . | . . . . . Parts Lost 17 | . . . 1 16 Power 3 | . . . 1 2 Propulsion 2 | . . . . 2 Utility 2 | . . . . 2 Weapon 10 | . . . . 10 Highest Loss Streak 10 | . . . 1 10 To Critical Strikes . | . . . . . Average Slot Usage (%) 85 | . 99 95 99 71 Engine 12 | . 14 18 21 5 Core 3 | . . . . 6 Treads 13 | . 28 22 22 1 Device 13 | . 14 10 11 16 Storage 6 | . 13 11 11 . Processor 3 | . . . . 7 Energy Gun 21 | . 28 13 11 27 Energy Cannon 4 | . . 8 11 1 Ballistic Cannon 5 | . . 11 11 1 Naked Turns . | . . . . . Heaviest Build 41 | 9 29 41 41 40 Greatest Support 40 | 40 40 40 40 40 Greatest Overweight (x) 8 | . . 1 1 8 Average Overweight (x) 1 | . . . . 4 Largest Inventory Capacity 15 | 5 15 15 15 15 Average Capacity 10 | 5 14 15 15 6 Most Carried 15 | 3 14 15 15 14 Average Carried 7 | . 4 14 15 3 Final Capacity 15 | 5 15 15 15 5 Final Carried 15 | 1 14 15 15 5 Class Distribution -------------------- 41% | Gunner 25% | Mutant 20% | Scavenger-Skirmisher 10% | Skirmisher Dominant Class ---------------- Mutant | -10/Materials Gunner | -9/Materials Gunner | -9/Mines Scavenger-Skirmisher | -8/Materials Resources | -11 -10 -9 -9 -8 ----------- Run | Scr Mat Mat Min Mat Matter Collected 790 | 260 . 148 48 334 Remotely 489 | 132 . 148 48 161 Salvage Created 1299 | 167 . 232 167 733 Parts 75 | 10 . 14 13 38 Haulers Intercepted . | . . . . . Recyclers Shooed . | . . . . . Parts Field Recycled . | . . . . . Retrieved Matter . | . . . . . Parts Self-Destructed . | . . . . . Prevented . | . . . . . Kills | -11 -10 -9 -9 -8 ------- Run | Scr Mat Mat Min Mat Combat Hostiles Destroyed 24 | . . 7 5 12 Guns 16 | . . 5 3 8 Cannons 6 | . . 2 2 2 AOE 2 | . . . . 2 Classes Destroyed 8 | 3 . 1 1 3 Worker 3 | 2 . . . 1 Builder 1 | . . . . 1 Tunneler 3 | 1 . . 1 1 Recycler 5 | 1 . 2 . 2 Watcher 2 | . . . . 2 Swarmer 9 | . . 7 2 . Grunt 14 | . . . 3 11 Sentry 1 | . . . . 1 Best Kill Streak 7 | 2 . 5 3 7 Combat Bots Only 4 | . . 4 3 3 Max Kills in Single Turn 4 | 1 . 2 2 4 Gunslinging . | . . . . . Exploded 2 | . . . . 2 Melee . | . . . . . Uniques/NPCs Destroyed . | . . . . . Combat | -11 -10 -9 -9 -8 -------- Run | Scr Mat Mat Min Mat Damage Taken 2348 | . . 376 199 1773 Core 606 | . . 54 . 552 Absorbed by Shields . | . . . . . Core Remaining (%) 95 | 100 100 . 86 . Volleys Fired 109 | 18 . 22 12 57 Largest 4 | 2 . 2 2 4 Hottest 245 | 80 . 79 79 245 Shots Fired 226 | 26 . 44 24 132 Gun 166 | 26 . 22 12 106 Cannon 58 | . . 22 12 24 Launcher 2 | . . . . 2 Special . | . . . . . Kinetic 50 | . . 22 12 16 Thermal 105 | 8 . . . 97 Explosive 2 | . . . . 2 Electromagnetic 69 | 18 . 22 12 17 Robot Hit Streak 13 | 7 . 6 7 13 Robot Miss Streak 5 | 2 . 3 3 5 Penetration Max . | . . . . . Secondary Targets . | . . . . . Shots Hit Robots 127 | 18 . 19 12 78 Core Hits 58 | 5 . 10 7 36 Critical Kills . | . . . . . Critical Parts Destroyed . | . . . . . Critical Strikes 5 | . . . 1 4 Burn 2 | . . . . 2 Blast 2 | . . . 1 1 Corrupt 1 | . . . . 1 Melee Attacks . | . . . . . Impact . | . . . . . Slashing . | . . . . . Piercing . | . . . . . Sneak Attacks . | . . . . . Combat Hostiles . | . . . . . Follow-up Attacks . | . . . . . Damage Inflicted 2611 | 228 . 403 248 1732 Guns 1542 | 228 . 173 92 1049 Cannons 747 | . . 230 123 394 Explosions 322 | . . . 33 289 Melee . | . . . . . Ramming . | . . . . . Kinetic 623 | . . 230 123 270 Thermal 1074 | 46 . . 33 995 Explosive 289 | . . . . 289 Electromagnetic 625 | 182 . 173 92 178 Impact . | . . . . . Slashing . | . . . . . Piercing . | . . . . . Highest Corruption . | . . . . . Average Corruption . | . . . . . Corruption Purged . | . . . . . Corruption Blocked . | . . . . . Overload Shots . | . . . . . Overflow Damage 13 | . . 13 . . Projectiles 13 | . . 13 . . Explosions . | . . . . . Melee . | . . . . . Knockbacks 15 | . . 6 4 5 Impact . | . . . . . Kinetic 14 | . . 6 3 5 Secondary 1 | . . . 1 . Self-Inflicted Damage 49 | . . . . 49 Shots 1 | . . . . 1 Rammed . | . . . . . Targets Rammed . | . . . . . Kicked . | . . . . . Crushed . | . . . . . Highest Temperature 673 | 90 . 108 137 673 Average Temperature 154 | 39 . 37 65 220 Received Heat Transfer 960 | . . . 114 846 Effects 36 | . . . . 36 Shutdowns 3 | . . . . 3 Energy Bleed 6 | . . . . 6 Interference 7 | . . . . 7 Matter Decay 3 | . . . . 3 Short Circuit 2 | . . . . 2 Damage (minor) 2 | . . . . 2 Damage (major) 11 | . . . . 11 Damage (core) 2 | . . . . 2 Siege Activations . | . . . . . Robots Corrupted . | . . . . . Combat Hostiles . | . . . . . Parts Fried 1 | 1 . . . . Impact Corruptions . | . . . . . Robots Melted . | . . . . . Combat Hostiles . | . . . . . Parts Melted 3 | . . . . 3 Heat Transferred 2580 | 100 . . 50 2430 Parts Sabotaged . | . . . . . Parts Stolen . | . . . . . Parts Stripped . | . . . . . Power Chain Reactions 1 | . . . 1 . Missiles Intercepted . | . . . . . Alert | -11 -10 -9 -9 -8 ------- Run | Scr Mat Mat Min Mat Peak Influence 232 | 20 28 228 193 232 Initial 88 | . 13 11 88 74 Average 86 | 7 15 109 118 93 Maximum Alert Level 1 | . . 1 . 1 Low Security (%) 91 | 100 100 70 100 94 Level 1 8 | . . 29 . 5 Level 2 . | . . . . . Level 3 . | . . . . . Level 4 . | . . . . . Level 5 . | . . . . . High Security . | . . . . . Max Security . | . . . . . Squads Dispatched 4 | . . 1 . 3 Investigation . | . . . . . Extermination . | . . . . . Reinforcement 1 | . . 1 . . Assault . | . . . . . Garrison 3 | . . . . 3 Intercept . | . . . . . Searches Triggered . | . . . . . Construction Impeded . | . . . . . Haulers Reinforced . | . . . . . Active Scanning Responses . | . . . . . Cargo Convoy Interrupts . | . . . . . Stealth | -11 -10 -9 -9 -8 --------- Run | Scr Mat Mat Min Mat Distress Signals 4 | . . . . 4 Communications Jammed . | . . . . . Distress Signals . | . . . . . Times Spotted 38 | . 1 10 7 20 Peak Tracking Total 4 | . 1 4 4 4 Tactical Retreats 1 | . . . . 1 Traps | -11 -10 -9 -9 -8 ------- Run | Scr Mat Mat Min Mat Traps Triggered . | . . . . . Indirectly . | . . . . . Trap Hack Attempts . | . . . . . Triggered . | . . . . . Disarmed . | . . . . . Reprogrammed . | . . . . . Reused . | . . . . . Traps Extracted . | . . . . . Installed . | . . . . . Triggered . | . . . . . Machines | -11 -10 -9 -9 -8 ---------- Run | Scr Mat Mat Min Mat Machines Disabled 3 | . . 1 1 1 Max in Single Turn 1 | . . 1 1 1 Machines Sabotaged . | . . . . . Garrisons Compromised . | . . . . . Overloaded Fab Kills . | . . . . . Hacking | -11 -10 -9 -9 -8 --------- Run | Scr Mat Mat Min Mat Machines Accessed 1 | . . 1 . . Terminals . | . . . . . Fabricators . | . . . . . Repair Stations . | . . . . . Recycling Units . | . . . . . Scanalyzers 1 | . . 1 . . Garrison Access . | . . . . . Total Hacks 2 | . . 2 . . Successful 2 | . . 2 . . Failed . | . . . . . Catastrophic . | . . . . . Database Lockouts . | . . . . . Manual . | . . . . . Terminals . | . . . . . Fabricators . | . . . . . Repair Stations . | . . . . . Recycling Units . | . . . . . Scanalyzers 2 | . . 2 . . Garrison Access . | . . . . . Terminal Hacks . | . . . . . Fabricator Hacks . | . . . . . Repair Station Hacks . | . . . . . Recycling Unit Hacks . | . . . . . Scanalyzer 2 | . . 2 . . Insert Component 1 | . . 1 . . Analyze 1 | . . 1 . . Garrison Access Hacks . | . . . . . Unauthorized Hacks . | . . . . . Terminals . | . . . . . Fabricators . | . . . . . Repair Stations . | . . . . . Recycling Units . | . . . . . Scanalyzers . | . . . . . Garrison Access . | . . . . . Data Cores Recovered . | . . . . . Used . | . . . . . Hacking Detections . | . . . . . Full Trace Events . | . . . . . Feedback Events . | . . . . . Feedback Blocked . | . . . . . Robot Schematics Acquired . | . . . . . Robots Built . | . . . . . Authchips . | . . . . . Time . | . . . . . Total Robot Build Rating . | . . . . . Part Schematics Acquired 1 | . . 1 . . Parts Built . | . . . . . Authchips . | . . . . . Time . | . . . . . Total Part Build Rating . | . . . . . Parts Repaired . | . . . . . Time . | . . . . . Parts Recycled . | . . . . . Recycled Matter . | . . . . . Retrieved Matter . | . . . . . Retrieved Components . | . . . . . Parts Scanalyzed 1 | . . 1 . . Part Schematics Acquired 1 | . . 1 . . Parts Damaged . | . . . . . Bothacking | -11 -10 -9 -9 -8 ------------ Run | Scr Mat Mat Min Mat Used RIF Installer . | . . . . . Robots Hacked . | . . . . . Non-combat . | . . . . . Combat . | . . . . . Robot Hacks Applied . | . . . . . Relay Couplers Released . | . . . . . Fabnet Peak Effective % . | . . . . . Robots Rewired . | . . . . . Allies Hacked . | . . . . . Hacks Repelled . | . . . . . Allies | -11 -10 -9 -9 -8 -------- Run | Scr Mat Mat Min Mat Total Allies 2 | . . . 2 . Largest Group 2 | . . . 2 . Highest-Rated Group 40 | . . . 40 . Highest-Rated Ally 31 | . . . 31 . Total Orders . | . . . . . Ally Attacks 5 | . . . 5 . Total Damage 62 | . . . 62 . Kills 1 | . . . 1 . Allies Corrupted . | . . . . . Allies Melted . | . . . . . Intel | -11 -10 -9 -9 -8 ------- Run | Scr Mat Mat Min Mat Robot Analysis Total . | . . . . . Derelict Logs Recovered . | . . . . . Drone Launches . | . . . . . Drone Recoveries . | . . . . . Exploration | -11 -10 -9 -9 -8 ------------- Run | Scr Mat Mat Min Mat Turns Passed 1980 | 138 228 387 387 840 Spaces Moved 707 | 57 134 159 148 209 Core 160 | 8 . . . 152 Treads 507 | 49 134 159 148 17 Legs . | . . . . . Wheels . | . . . . . Hover 40 | . . . . 40 Flight . | . . . . . Fastest Speed 50 | 50 160 160 160 100 Average Speed 223 | 144 160 190 237 301 Slowest Speed 450 | 160 160 240 240 450 Overloaded Moves . | . . . . . Propulsion Burnouts . | . . . . . Robots Hopped . | . . . . . Cave-ins Triggered . | . . . . . Exploration Rate (%) 21 | 5 22 26 32 24 Regions Visited 4 Branch Regions 1 Pre-discovered Areas . | . . . . . Known Exits Taken . | . . . . . Unknown Exits Taken 4 | 1 1 1 1 . Scrap Searched . | . . . . . Spaces Dug . | . . . . . Terrain Destroyed 11 | . . 3 . 8 Melee . | . . . . . Projectile 3 | . . 3 . . AOE 8 | . . . . 8 Terrain Rammed . | . . . . . Walls Destroyed . | . . . . . Machines Disabled . | . . . . . Actions | -11 -10 -9 -9 -8 --------- Run | Scr Mat Mat Min Mat Total 912 | 87 148 202 159 316 Wait 22 | . . 9 . 13 Move 703 | 56 133 158 147 209 Hop . | . . . . . Pick Up 39 | 7 14 5 . 13 Fast Attach . | . . . . . Attach 31 | 6 1 5 . 19 Detach 1 | . . 1 . . Swap . | . . . . . Drop 7 | . . 2 . 5 Fire 109 | 18 . 22 12 57 Melee . | . . . . . Ram . | . . . . . Kick . | . . . . . Crush . | . . . . . Escape Stasis . | . . . . . Rewire . | . . . . . Trap . | . . . . . Miscellaneous . | . . . . . Route ------- -11/Scrapyard -10/Materials -9/Materials -9/Mines -8/Materials History --------- Turn | Location | Event 2 | -11/Scrapyard | Met Revision 17 3 | -11/Scrapyard | Discovered new exit (range 15) 139 | -11/Scrapyard | Entered Materials 302 | -10/Materials | Build established: Mutant 319 | -10/Materials | Discovered new exit (range 9) 367 | -10/Materials | Entered another Materials area 367 | -9/Materials | Evolved 2 slots: Power x1, Weapon x1 686 | -9/Materials | Build established: Gunner 732 | -9/Materials | Discovered new exit (range 9) 754 | -9/Materials | Entered Mines 1110 | -9/Mines | Discovered new exit (range 4) 1141 | -9/Mines | Entered Materials 1141 | -8/Materials | Evolved 2 slots: Utility x1, Weapon x1 1181 | -8/Materials | Garrison activated, responded to threat 1270 | -8/Materials | Lost 10 parts (1p2n1u6w) 1290 | -8/Materials | Core integrity fell below 50% 1319 | -8/Materials | Core integrity fell below 20% 1369 | -8/Materials | Lost 3 parts (1p2w) 1849 | -8/Materials | Build established: Scavenger-Skirmisher 1981 | -8/Materials | Destroyed by L-31 Rogue with Katana Last Messages --------------- Acquired Imp. Hover Unit. Acquired 10 matter. K-01 Serf collects debris. R-06 Scavenger collects Imp. Sensor Array. K-01 Serf collects debris. R-06 Scavenger collects Corrupted Visual Processing Unit. Dropped Corrupted Aluminum Leg. Acquired Gauss Rifle. T-07 Excavator is excavating. K-01 Serf collects debris. T-07 Excavator is excavating. Imp. Terrain Scanner destroyed. T-07 Excavator is excavating. Particle Gun destroyed. T-07 Excavator is excavating. Shock Rifle destroyed. G-47 Trooper destroyed. T-07 Excavator is excavating. G-47 Trooper destroyed. T-07 Excavator is excavating. Map ----- +----------------------------------------------------+ | ?????????????????????????????? | | ?????????????????????????????? | | ?????????????????????????????? | | ?????????????????????????????? | | ?????????????????????????????? | | ???????????????????????? ????? | | ???????????????????????? ????? | | ???????????????????????? ????? | | ??????????????????????? ????? | | ??????????????????????? #????? | | ??????????? ??????????? #????? | | ??????????# ??????????? +????? | | ???????#??# ??????+???? #????? | | ???????# ?# ###### #??? #????? | | ???????# ?# #??? #????? | | ???????# ## #### #????? | | ???????# #????? | | ???????# #????? | | ???????# #????? | | ???????# #????? | | ???????# """ """ #????? | | ???????# """ """ ####?? | | ????#### """ """ # ### | | ????? """ """ # t # | | ??????#####! # # | | ??????#[[ #@ # | | ??????#[[ =l= # | | ? ????#[[ ##+##+#####[#####? | | ??????#[[ #???????? ?????? | | ???#??#[ #??????? ??????? | | ??????#[ =#??????# ???????? | | ########### #??????# ????????? | | #########+##?????? | | ! ! ! #????? | | % !% % #????? | | % !%[[ ^ """ #????? | | ##########* """"" #????? | | #????#?## ^"""""??????????? | | #?? ? ? # """""??????????? | | #???????# """ ??????????? | | #???????+ ???????????? | | #???????# ???????????? | | #??? ? ?##+#######??????????? | | #? ? ???????????????????????? | | #???????????????????????????? | | #?#????#?? ?????????????????? | | ##??????????"????????????????? | | #???##???????????????????????? | | ##????#??????????????????????? | | ???#?????????????????????????? | +----------------------------------------------------+ Best States ------------- Heat Dissipation 45 Energy Generation 21 Energy Capacity 400 Matter Stores 300 Matter Capacity 300 Sight Range 16 Terrain Scan Range 16 Terrain Scan Density 10 Evasion (%) 40 Recoil Reduction 2 Item Schematics ----------------- Adv. Beam Cannon | -9/Materials | Scanalyzed Robot Schematics ------------------ None Fabricated ------------ Nothing Alien Tech Used ----------------- None Achievements -------------- None Challenges ------------ None Game ------ Seed BiocellHeatMembrane Manual? 0 Play Time 00:27:00 Cumulative 8.6 hours Start 2022.08.28 @ 23:00:40 End 2022.08.29 @ 15:01:30 Sessions 2 Manual Loads 0 Difficulty Rogue Special Mode None Game No. 6 Rogue 6 Adventurer 0 Explorer 0 Win Type - Total 0 Types 0/0/0/0/0/0/0/0/0 Lore% 3 Gallery% 13 Achievement% 12 Wizard Run 0 Options --------- ASCII 0 Keyboard 0 Movement Mouse Keybinds 0 Fullscreen 1 Font 18/TerminusBold Map View 76x50 Tactical HUD 0 Map Filters NONE Filters NONE Steam 0 RUN: 4307513b-a994-4e1c-9378-de6e739ecb09